 Dungeon Crawl Stone Soup version 0.22.1-1-ga44c0e5 (webtiles) character file.

491529 JeffiDaFish the Impregnable (level 25, -3/173 HPs)
             Began as a Gargoyle Fighter on Sept 23, 2018.
             Was the Champion of Okawaru.
             Killed from afar by a frost giant (10 damage)
             ... with a bolt of cold
             ... on level 5 of the Vaults on Sept 27, 2018.
             The game lasted 02:40:01 (55716 turns).

JeffiDaFish the Impregnable (Gargoyle Fighter)     Turns: 55716, Time: 02:40:01

Health: -3/173     AC: 55    Str: 29    XL:     25   Next: 5%
Magic:  0/30       EV: 12    Int: 21    God:    Okawaru [******]
Gold:   1342       SH: 35    Dex: 17    Spells: 24/24 levels left

rFire    + . .     SeeInvis +   a - +8 flail (vamp)
rCold    + . .     Gourm    .   n - +11 large shield of Boziplufow {Int+4}
rNeg     + . .     Faith    .   r - +4 plate armour
rPois    ∞         Spirit   +   T - +2 helmet "Oqeecrag" {rC+ Dex+5}
rElec    +         Reflect  .   F - scarf {Spirit}
rCorr    .         Harm     .   U - +1 pair of gloves "Baduex" {rElec Regen+ Int+5}
MR       +....                  o - +1 pair of boots of Ru's Hatred {Dex+3}
Stlth    ..........             Q - amulet of regeneration
HPRegen  1.18/turn              h - +6 ring of protection
MPRegen  0.22/turn              w - ring of see invisible

@: about to teleport, finesse, drained
A: big wings, hooves 1, blurry vision 1, deformed body, fire resistance 1,
negative energy resistance 1, electricity resistance, unbreathing, petrification
resistance, rot immunity, AC +19
}: 2/15 runes: decaying, gossamer
a: Fly, Heroism, Finesse, Renounce Religion


You were on level 5 of the Vaults.
You worshipped Okawaru.
Okawaru was exalted by your worship.
You were not hungry.

You visited 9 branches of the dungeon, and saw 42 of its levels.
You visited the Abyss 3 times.

You collected 4385 gold pieces.
You spent 3043 gold pieces at shops.

Inventory:

Hand Weapons
 a - a +8 vampiric flail (weapon)
 q - the +4 mace of Xoczut {flame, +Blink}
   (You found it on level 7 of the Dungeon)

   It has been specially enchanted to burn those struck by it, causing extra
   injury to most foes and up to half again as much damage against particularly
   susceptible opponents.
   It lets you blink.
Armour
 n - the +11 large shield of Boziplufow (worn) {Int+4}
   (You bought it in a shop on level 4 of the Vaults)

   It affects your intelligence (+4).
 o - the +1 pair of boots of Ru's Hatred (worn) {Dex+3}
   (You found it on level 8 of the Dungeon)

   It affects your dexterity (+3).
 r - a +4 plate armour (worn)
 F - a scarf of spirit shield (worn)
 T - the +2 helmet "Oqeecrag" (worn) {rC+ Dex+5}
   (Okawaru gifted it to you on level 1 of the Elven Halls)

   It affects your dexterity (+5).
   It protects you from cold.
 U - the +1 pair of gloves "Baduex" (worn) {rElec Regen+ Int+5}
   (Okawaru gifted it to you on level 4 of the Spider Nest)

   It affects your intelligence (+5).
   It insulates you from electricity.
   It increases your rate of regeneration.
Jewellery
 h - a +6 ring of protection (left hand)
 s - an uncursed ring of protection from cold
 w - a ring of see invisible (right hand)
 B - a +5 ring of slaying {unknown}
 H - an uncursed amulet of the acrobat
 N - an uncursed ring of protection from magic
 P - the amulet of Mirth {Gourm Dex+4}
   (You acquired it on level 1 of the Spider Nest)

   [amulet of the gourmand]

   It allows you to eat raw meat even when not hungry.
   It affects your dexterity (+4).
 Q - an amulet of regeneration (around neck)
Wands
 k - a wand of acid (23)
 p - a wand of digging (47)
 x - a wand of paralysis (58)
Scrolls
 b - 15 scrolls of remove curse
 e - 6 scrolls of teleportation
 g - 10 scrolls of identify
 m - 9 scrolls of fear
 y - a scroll of blinking
 I - 4 scrolls of brand weapon
 J - 6 scrolls of amnesia
 O - 2 scrolls of fog
 W - a scroll of magic mapping
Potions
 d - 3 potions of might
 i - 18 potions of curing
 j - 5 potions of haste
 l - 9 potions of agility
 t - 3 potions of magic
 u - 4 potions of invisibility
 v - 4 potions of cancellation
 z - 5 potions of ambrosia
 A - 2 potions of heal wounds
 C - 6 potions of flight
 D - 2 potions of mutation
 E - 6 potions of resistance
 G - 3 potions of degeneration
 L - 7 potions of berserk rage
 S - 4 potions of brilliance
Miscellaneous
 M - a phial of floods
Comestibles
 c - 8 chunks of flesh
 f - 59 rations


   Skills:
 + Level 22.2(21.5) Fighting
 * Level 21.1(20.4) Maces & Flails
 + Level 24.3(23.5) Armour
 - Level 8.0(7.4) Dodging
 * Level 19.2(18.6) Shields
 - Level 10.1(9.6) Invocations


You had 24 spell levels left.
You didn't know any spells.
Your spell library contained the following spells:

 Spells                   Type           Power        Failure   Level  Hunger
 Animate Skeleton         Necr           N/A          80%         1    ##.....
 Apportation              Tloc           #.....       80%         1    ##.....
 Beastly Appendage        Tmut           #.....       80%         1    ##.....
 Confusing Touch          Hex            #.....       80%         1    ##.....
 Magic Dart               Conj           #...         80%         1    ##.....
 Pain                     Necr           #...         80%         1    ##.....
 Sting                    Conj/Pois      #...         80%         1    ##.....
 Summon Butterflies       Summ           #.......     80%         1    ##.....
 Summon Small Mammal      Summ           #...         80%         1    ##.....
 Poisonous Vapours        Pois/Air       #.....       91%         2    ###....
 Searing Ray              Conj           #.....       91%         2    ###....
 Shroud of Golubria       Chrm/Tloc      #.........   91%         2    ###....
 Sticks to Snakes         Tmut           #.......     91%         2    ###....
 Call Canine Familiar     Summ           #.......     99%         3    ####...
 Confuse                  Hex            #.......     99%         3    ####...
 Dazzling Spray           Conj/Hex       #.....       99%         3    ####...
 Gell's Gravitas          Tloc           #.........   99%         3    ####...
 Ignite Poison            Fire/Tmut/Pois #.......     99%         3    ####...
 Mephitic Cloud           Conj/Pois/Air  #.......     99%         3    ####...
 Recall                   Summ/Tloc      N/A          99%         3    ####...
 Regeneration             Chrm/Necr      #.........   99%         3    ####...
 Spider Form              Tmut/Pois      #.........   99%         3    ####...
 Static Discharge         Conj/Air       #.......     99%         3    ####...
 Vampiric Draining        Necr           #.........   99%         3    ####...
 Animate Dead             Necr           N/A          100%        4    #####..
 Cause Fear               Hex            #.........   100%        4    #####..
 Force Lance              Conj/Tloc      #.......     100%        4    #####..
 Fulminant Prism          Conj/Hex       #.........   100%        4    #####..
 Ice Form                 Ice/Tmut       #.......     100%        4    #####..
 Iskenderun's Mystic Bla  Conj           #.......     100%        4    #####..
 Olgreb's Toxic Radiance  Pois           #.......     100%        4    #####..
 Petrify                  Tmut/Erth      #.......     100%        4    #####..
 Summon Ice Beast         Ice/Summ       #.......     100%        4    #####..
 Summon Lightning Spire   Summ/Air       #.......     100%        4    #####..
 Blade Hands              Tmut           #.........   100%        5    ######.
 Bolt of Magma            Conj/Fire/Erth #.........   100%        5    ######.
 Borgnjor's Vile Clutch   Necr/Erth      #.........   100%        5    ######.
 Fireball                 Conj/Fire      #.........   100%        5    ######.
 Iskenderun's Battlesphe  Conj/Chrm      #.......     100%        5    ######.
 Metabolic Englaciation   Hex/Ice        #.........   100%        5    ######.
 Silence                  Hex/Air        #.........   100%        5    ######.
 Summon Mana Viper        Hex/Summ       #.......     100%        5    ######.
 Venom Bolt               Conj/Pois      #.........   100%        5    ######.
 Yara's Violent Unravell  Hex/Tmut       #.........   100%        5    ######.
 Bolt of Fire             Conj/Fire      #.........   100%        6    #######
 Conjure Ball Lightning   Conj/Air       #.........   100%        6    #######
 Death Channel            Necr           #.........   100%        6    #######
 Deflect Missiles         Chrm/Air       #.........   100%        6    #######
 Iron Shot                Conj/Erth      #.........   100%        6    #######
 Simulacrum               Ice/Necr       #.........   100%        6    #######
 Orb of Destruction       Conj           #.........   100%        7    #######
 Ring of Flames           Chrm/Fire      #.........   100%        7    #######
 Spellforged Servitor     Conj/Summ      #.........   100%        7    #######
 Summon Hydra             Summ           #.........   100%        7    #######
 Discord                  Hex            #.........   100%        8    #######
 Ignition                 Fire           #.........   100%        8    #######
 Tornado                  Air            #.........   100%        9    #######


Dungeon Overview and Level Annotations

Branches:
Dungeon (15/15)            Temple (1/1) D:4            Lair (6/6) D:10
  Swamp (4/4) Lair:3       Spider (4/4) Lair:4          Orc (2/2) D:10
    Elf (2/3) Orc:2        Vaults (5/5) D:14          Crypt (0/3) Vaults:2
 Depths (3/5) D:15
  Slime: Lair:5-6

Altars:
Cheibriados
Elyvilon
Fedhas
Kikubaaqudgha
Makhleb
Nemelex Xobeh
Okawaru
Qazlal
Ru
Sif Muna
Trog
Uskayaw
Vehumet
Wu Jian
Xom
Yredelemnul
Zin
The Shining One
Beogh

Shops:
D:11 *!   Orc:2 ?=([   Elf:1 =!(   Vaults:3 (   Vaults:4 [

Portals:
Hell: Depths:1 Depths:2 Depths:3
Abyss: Depths:2
Pandemonium: Depths:2 Depths:3
Ziggurat: Depths:3

Annotations:
Lair:2 1 runed door, VictoriousLee's ghost, journeyman GnHu
Lair:5 exclusion: 2 oklob plants
Elf:2 3 runed doors, exclusion: Roxanne, Roxanne


Innate Abilities, Weirdness & Mutations

You are resistant to torment.
Your stone body is resilient. (AC +19)
You are immune to poison.
Your large and strong wings let you fly indefinitely.
You resist negative energy. (rN+)
You are resistant to electric shocks. (rElec)
You can survive without breathing.
You are immune to petrification.
You are immune to rotting.
You have large cloven feet.
Scrolls take you a little longer to read.
Armour fits poorly on your strangely shaped body.
Your flesh is heat resistant. (rF+)


Message History

You feel much better.
The merfolk changes into a redback!
The titan waves its arms in wide circles.
The air twists around and strikes you!
* * * LOW HITPOINT WARNING * * *
The fire dragon closely misses you. You block the fire dragon's attack. x2
The frost giant casts a spell at you. The bolt of cold hits you! You resist.
* * * LOW HITPOINT WARNING * * *
The shadow dragon bites you but does no damage.
The shadow dragon closely misses you. You block the shadow dragon's attack.
The frost giant hits you with a battleaxe of freezing!
* * * LOW HITPOINT WARNING * * *
The frost giant freezes you.
* * * LOW HITPOINT WARNING * * *
You hit the frost giant.
You feel better.
The frost giant is lightly wounded.
You block the fire dragon's attack. x3
The frost giant gestures at you while chanting.
The bolt of cold hits you! You resist.
You die...

#########################
.........eeesDCCDD.......
.........ee*ppCC@).......
.#######################.
... ..... ####.. .


You could see a shadow dragon, a titan, 2 frost giants, a fire dragon, an ice
dragon, a stone giant, 2 vault wardens, a deep elf death mage, 3 deep elf high
priests, a deep elf mage, a redback shaped shifter and a lost soul.

Vanquished Creatures
  3 juggernauts
  Mennas (Vaults:5)
  Boris (Depths:3)
  Sojobo (Vaults:4)
  the Lernaean hydra (Swamp:4)
  2 golden dragons
  the Enchantress (Depths:3)
  Jory (Depths:2)
  7 tentacled monstrosities
  5 liches
  2 titans
  6 tentacled starspawn
  4 sphinxes
  Frances (Swamp:2)
  3 storm dragons (Vaults:4)
  2 thorn hunters
  7 tengu reavers
  3 shadow dragons
  The ghost of Intumige the Warrior, a journeyman DDHu of Makhleb (Swamp:1)
  5 fire giants
  The ghost of GgHarvester the Executioner, a journeyman MiBe of Trog (Depths:2)
  A revenant (Vaults:2)
  2 iron dragons (Vaults:4)
  3 emperor scorpions
  4 deep elf sorcerers
  8 vault wardens
  5 frost giants
  A cacodemon (Abyss:3)
  An orc warlord (Orc:2)
  5 ghost moths
  An angel (Abyss:3)
  A deep elf elementalist (Vaults:5)
  4 spriggan defenders
  2 war gargoyles (Vaults:4)
  6 very ugly things
  5 deep elf demonologists
  14 ironheart preservers
  An ophan (Abyss:3)
  16 stone giants
  The ghost of holmedog the Protected, a journeyman MiFi of Makhleb (Lair:6)
  5 entropy weavers
  5 vampire knights
  The ghost of Saba the Crack Shot, a journeyman CeHu of Okawaru (Lair:6)
  A minotaur (Lair:3)
  9 spark wasps
  5 fire dragons
  3 deep elf death magi
  Snorg (D:13)
  6 jiangshi (Depths:2)
  10 ogre magi
  3 deep elf high priests
  9 ettins
  15 yaktaur captains
  A naga warrior (Abyss:2)
  6 great orbs of eyes
  5 ice dragons
  The ghost of bepisman the Blocker, a journeyman DDFi of Hepliaklqana (Swamp:1)
  The ghost of MoronicCinamun the Archer, a journeyman CeHu of Okawaru (Lair:3)
  2 ghost crabs
  26 hydras
  3 rakshasas
  Erica (D:8)
  7 centaur warriors
  27 vault guards
  2 catoblepae (Lair:6)
  2 spriggan air magi (Depths:3)
  A queen ant (Lair:2)
  45 two-headed ogres
  2 death knights
  7 alligators
  2 orc high priests
  2 deep troll earth magi
  A tengu warrior (Depths:3)
  7 vampire magi
  6 dancing weapons
  21 death yaks
  Sonja (D:13)
  8 thrashing horrors
  5 deep troll shamans
  2 spriggan berserkers
  13 deep elf knights
  4 wretched stars
  2 iron trolls (Depths:2)
  A sixfirhy (Abyss:2)
  4 skeletal warriors (Vaults:1)
  4 glowing orange brains
  2 hell knights (Vaults:4)
  2 spriggan druids
  5 unseen horrors
  A death drake (shapeshifter) (Depths:3)
  12 deep trolls
  A storm dragon skeleton (Vaults:2)
  8 wizards
  A deep troll (shapeshifter) (Vaults:2)
  2 shambling mangroves
  10 swamp dragons
  11 ironbrand convokers
  2 flayed ghosts
  An obsidian statue (Depths:1)
  17 deep elf archers
  7 necromancers
  7 phantasmal warriors
  15 harpies
  A lindwurm (Lair:6)
  2 wolf spider zombies (D:15)
  24 orc knights
  35 wolf spiders
  18 orb spiders
  A stone giant zombie (Vaults:4)
  43 deep elf magi
  40 ugly things
  51 slime creatures
  A manticore (D:12)
  4 moths of wrath
  7 orc sorcerers
  7 cyclopes
  3 frost giant zombies
  5 fire giant zombies (Depths:2)
  An ice statue (Swamp:3)
  4 torpor snails
  A torpor snail (shapeshifter) (Vaults:4)
  4 worldbinders
  3 black mambas
  10 vault sentinels
  5 smoke demons (Abyss:3)
  An eye of devastation (Abyss:4)
  A rust devil (Depths:2)
  An apocalypse crab (Abyss:4)
  A spiny frog (shapeshifter) (Vaults:2)
  4 elephants (Lair:6)
  2 naga magi (D:15)
  A gargoyle (D:14)
  10 spiny frogs
  3 yaktaur zombies
  A kobold demonologist (D:14)
  An orange demon (Abyss:3)
  5 komodo dragons
  A komodo dragon (shapeshifter) (D:15)
  3 freezing wraiths
  A hellwing (Abyss:3)
  A tormentor (Abyss:3)
  An efreet (Abyss:4)
  51 yaktaurs
  8 tengu conjurers
  12 demonic crawlers
  A jumping spider (shapeshifter) (Vaults:1)
  A redback zombie (D:15)
  A yaktaur skeleton (Vaults:2)
  6 jumping spiders
  A meliai (shapeshifter) (Vaults:2)
  4 tyrant leeches
  3 ancient zymes
  7 trolls
  A wind drake (shapeshifter) (Depths:1)
  22 hornets
  2 polar bears (Lair:6)
  3 meliai (D:14)
  A hornet (shapeshifter) (Vaults:3)
  A blink frog (shapeshifter) (D:13)
  2 bog bodies (Swamp:4)
  4 blink frogs (Lair:4)
  12 raiju
  A raiju (shapeshifter) (Depths:3)
  7 hippogriffs
  An ettin zombie (Vaults:2)
  9 flying skulls
  9 spriggans
  An air elemental (Elf:2)
  81 redbacks
  42 tarantellas
  3 ynoxinuls
  2 shadows
  3 vampires
  19 humans (D:14)
  39 yaks
  4 fire bats
  2 wyverns
  A water elemental (Elf:1)
  5 wraiths
  5 chaos spawn
  A fire bat (shapeshifter) (D:15)
  A basilisk (shapeshifter) (Vaults:1)
  4 neqoxecs
  A steam dragon (shapeshifter) (Vaults:4)
  A human (shapeshifter) (Depths:1)
  2 hungry ghosts
  3 basilisks
  4 fire elementals
  A yaktaur simulacrum (Vaults:2)
  14 swamp worms
  15 vampire mosquitoes
  12 large abominations
  5 insubstantial wisps (Swamp:2)
  16 small abominations
  6 wargs
  7 water moccasins
  15 soldier ants (Lair:2)
  11 hell hounds
  2 acid dragons
  A floating eye (Depths:3)
  8 porcupines
  3 sky beasts
  60 orc warriors
  11 swamp drakes
  A black bear (D:12)
  A necrophage (D:14)
  30 ogres
  3 phantoms
  5 eyes of draining
  6 ice beasts
  15 wolves
  7 boggarts
  28 centaurs
  18 crocodiles
  An elf simulacrum (Vaults:1)
  4 human zombies (Vaults:2)
  3 big kobolds
  A big kobold (shapeshifter) (Depths:1)
  15 bullfrogs
  3 earth elementals (Elf:1)
  3 wyvern zombies
  A wyvern skeleton (D:15)
  4 scorpions
  16 killer bees
  17 wights
  5 howler monkeys
  4 electric eels
  A bullfrog zombie (D:11)
  4 crimson imps
  5 quasits
  18 starcursed masses
  5 centaur zombies
  2 human simulacra
  5 jellies
  9 hounds
  A gnoll shaman (D:10)
  21 orc priests
  3 centaur skeletons
  3 iron imps
  12 human skeletons (Vaults:4)
  4 iguanas
  33 orc wizards
  5 hell rats (Lair:6)
  39 worker ants
  A hound zombie (D:7)
  A worker ant zombie (D:5)
  16 gnolls
  14 adders
  5 shadow imps
  2 white imps (Abyss:3)
  7 oozes
  2 adder skeletons
  A worm (D:2)
  A dart slug (D:2)
  4 leopard geckos
  109 orcs
  2 ball pythons
  4 giant cockroaches
  6 goblins
  7 hobgoblins
  8 jackals
  24 kobolds
  6 quokkas
  7 bats
  3 frilled lizards
  A leopard gecko zombie (D:8)
  A quokka skeleton (D:9)
  3 rats
  A bush (D:3)
  3 crawling corpses
  12 starspawn tentacles
2039 creatures vanquished.

Vanquished Creatures (collateral kills)
  A yak (D:13)
1 creature vanquished.

Vanquished Creatures (others)
  A tentacled starspawn (Abyss:3)
  2 ironheart preservers (Vaults:4)
  A deep elf annihilator (Vaults:4)
  A spark wasp (Spider:2)
  A yaktaur captain (Vaults:4)
  A dancing weapon (Vaults:5)
  A deep elf knight (Elf:1)
  A wretched star (Abyss:3)
  An unseen horror (shapeshifter) (Depths:1)
  A spriggan druid (Swamp:3)
  A deep elf archer (Vaults:4)
  A harpy (shapeshifter) (Abyss:3)
  3 deep elf magi (Vaults:4)
  A guardian serpent (Abyss:4)
  A hornet (Swamp:1)
  A redback (Spider:2)
  2 tarantellas
  A fire bat (Abyss:2)
  A hell hound (Abyss:3)
  An orc warrior (Vaults:2)
  A boggart (Vaults:2)
  3 orcs
  5 fungi
  14 plants
  10 starspawn tentacles
  6 withered plants (Lair:6)
63 creatures vanquished.

Grand Total: 2103 creatures vanquished

Notes
Turn   | Place    | Note
-------+----------+-------------------------------------------
     0 | D:1      | JeffiDaFish the Gargoyle Fighter began the quest for the
                  | Orb.
     0 | D:1      | Reached XP level 1. HP: 14/14 MP: 1/1
   573 | D:1      | Reached XP level 2. HP: 19/19 MP: 2/2
  1057 | D:2      | Found an ancient bone altar of Kikubaaqudgha.
  1124 | D:2      | Found a hide-covered altar of Uskayaw.
  1139 | D:2      | Reached XP level 3. HP: 22/24 MP: 3/3
  1256 | D:2      | Reached XP level 4. HP: 23/29 MP: 4/4
  1758 | D:2      | Found a glowing golden altar of the Shining One.
  2099 | D:3      | Reached skill level 4 in Armour
  2099 | D:3      | Reached XP level 5. HP: 34/34 MP: 5/5
  2320 | D:2      | Found a burning altar of Makhleb.
  2454 | D:2      | Reached skill level 5 in Fighting
  2809 | D:3      | Reached XP level 6. HP: 40/40 MP: 6/6
  2886 | D:3      | Found a white marble altar of Elyvilon.
  3522 | D:4      | Found a staircase to the Ecumenical Temple.
  3531 | Temple   | Entered the Ecumenical Temple
  3550 | Temple   | Became a worshipper of Warmaster Okawaru
  3632 | D:4      | Found a stormy altar of Qazlal.
  3646 | D:4      | Reached XP level 7. HP: 18/46 MP: 7/7
  4157 | D:5      | Entered Level 5 of the Dungeon
  4286 | D:5      | Reached skill level 5 in Armour
  4286 | D:5      | Reached skill level 5 in Shields
  4616 | D:5      | Reached * piety under Okawaru
  4616 | D:5      | Reached XP level 8. HP: 33/53 MP: 8/8
  4712 | D:5      | Found a sacrificial altar of Ru.
  5493 | D:6      | Noticed a hippogriff
  5504 | D:6      | Killed a hippogriff
  5522 | D:6      | Reached ** piety under Okawaru
  5522 | D:6      | Reached skill level 6 in Armour
  5636 | D:6      | Reached skill level 5 in Maces & Flails
  5999 | D:7      | Found a snail-covered altar of Cheibriados.
  5999 | D:7      | Found a sparkling altar of Nemelex Xobeh.
  5999 | D:7      | Found a deep blue altar of Sif Muna.
  6000 | D:7      | Found a blossoming altar of Fedhas.
  6010 | D:7      | Reached XP level 9. HP: 60/60 MP: 9/9
  6284 | D:7      | Got a brightly glowing mace
  6285 | D:7      | Identified the +4 mace of Xoczut {flame, +Blink} (You found
                  | it on level 7 of the Dungeon)
  6317 | D:7      | Reached *** piety under Okawaru
  6534 | D:7      | Reached skill level 7 in Armour
  6789 | D:7      | Reached skill level 10 in Fighting
  6912 | D:7      | Reached **** piety under Okawaru
  6912 | D:7      | Reached XP level 10. HP: 66/68 MP: 10/10
  7314 | D:8      | Noticed a two-headed ogre
  7320 | D:8      | Killed a two-headed ogre
  7360 | D:8      | Reached skill level 8 in Armour
  7475 | D:8      | Noticed a two-headed ogre
  7501 | D:8      | Killed a two-headed ogre
  7536 | D:8      | Got a pair of faintly humming boots
  7542 | D:8      | Identified the +1 pair of boots of Ru's Hatred {Dex+3} (You
                  | found it on level 8 of the Dungeon)
  7600 | D:8      | Noticed a two-headed ogre
  7634 | D:8      | Killed a two-headed ogre
  7634 | D:8      | Reached ***** piety under Okawaru
  7988 | D:8      | Noticed Erica
  8013 | D:8      | Killed Erica
  8013 | D:8      | Received a gift from Okawaru
  8013 | D:8      | Reached XP level 11. HP: 48/75 MP: 11/11
  8135 | D:8      | Identified the +3 buckler of Poibi {+Fly rElec rF+ Str-5}
                  | (Okawaru gifted it to you on level 8 of the Dungeon)
  9118 | D:9      | Reached skill level 9 in Armour
  9811 | D:10     | Entered Level 10 of the Dungeon
 11009 | D:10     | Found a staircase to the Orcish Mines.
 11150 | D:10     | Found a staircase to the Lair.
 11654 | Lair:1   | Entered Level 1 of the Lair of Beasts
 11760 | Lair:1   | Received a gift from Okawaru
 12353 | Lair:1   | Reached XP level 12. HP: 84/84 MP: 12/12
 12741 | Lair:2   | Reached skill level 10 in Armour
 12748 | Lair:2   | Reached skill level 10 in Shields
 13382 | Lair:2   | Noticed a queen ant
 13415 | Lair:2   | Killed a queen ant
 14115 | Lair:2   | Found a runed door.
 14117 | Lair:2   | Noticed VictoriousLee's ghost (journeyman GnHu)
 14396 | Lair:3   | Received a gift from Okawaru
 14555 | Lair:3   | Noticed MoronicCinamun's ghost (journeyman CeHu)
 14557 | Lair:3   | Noticed a minotaur
 14559 | Lair:3   | Noticed an eight-headed hydra
 14589 | Lair:3   | Found a runed gate.
 14589 | Lair:3   | Found a runed gate.
 14589 | Lair:3   | Found a runed gate.
 14629 | Lair:3   | Killed a minotaur
 14650 | Lair:3   | Killed an eight-headed hydra
 14659 | Lair:3   | Killed MoronicCinamun's ghost
 14894 | Lair:3   | Reached skill level 11 in Armour
 14913 | Lair:3   | Reached XP level 13. HP: 59/91 MP: 13/13
 15071 | Lair:3   | Found a staircase to the Swamp.
 15305 | Lair:3   | Reached skill level 10 in Maces & Flails
 15924 | Lair:4   | Reached skill level 12 in Armour
 16372 | Lair:4   | Found a hole to the Spider Nest.
 16739 | Lair:3   | Reached ****** piety under Okawaru
 16868 | Lair:4   | Reached skill level 13 in Armour
 17154 | Lair:5   | Received a gift from Okawaru
 17488 | Lair:5   | Reached skill level 15 in Fighting
 17695 | Lair:5   | Reached skill level 14 in Armour
 18327 | Lair:6   | Entered Level 6 of the Lair of Beasts
 18338 | Lair:6   | Gained mutation: Your large and strong wings let you fly
                  | indefinitely. [Gargoyle growth]
 18338 | Lair:6   | Reached XP level 14. HP: 89/98 MP: 11/14
 18359 | Lair:6   | Found a runed gate.
 18360 | Lair:6   | Found a runed gate.
 18417 | Lair:6   | Found a runed gate.
 18791 | Lair:6   | Found a shimmering altar of Xom.
 18997 | Lair:6   | Noticed Saba's ghost (journeyman CeHu)
 18997 | Lair:6   | Noticed holmedog's ghost (journeyman MiFi)
 19043 | Lair:6   | Received a gift from Okawaru
 19204 | Lair:6   | Reached skill level 15 in Armour
 20094 | Lair:6   | Identified Kaigraf's Collected Works on Cloudy
                  | Augmentations
 20288 | Lair:6   | Killed holmedog's ghost
 20367 | Lair:6   | Killed Saba's ghost
 20858 | D:11     | Found Caes's Distillery.
 20901 | D:11     | Bought a potion of haste for 120 gold pieces
 20901 | D:11     | Bought a potion of heal wounds for 60 gold pieces
 20901 | D:11     | Bought 2 potions of resistance for 240 gold pieces
 20911 | D:11     | You are sucked into a shaft for 2 floors!
 20911 | D:13     | Found a bloodstained altar of Trog.
 21414 | D:13     | Noticed Snorg
 21454 | D:13     | Killed Snorg
 21460 | D:13     | Noticed Sonja
 21464 | D:13     | Killed Sonja
 21750 | D:13     | Got a pair of encrusted gloves
 21761 | D:13     | Identified the cursed -4 pair of gloves of Ammecung {Str+2
                  | Stlth+} (You found it on level 13 of the Dungeon)
 22217 | D:14     | Received a gift from Okawaru
 22269 | D:14     | Reached skill level 16 in Armour
 22607 | D:14     | Found a gate to the Vaults.
 23059 | D:13     | Reached XP level 15. HP: 85/104 MP: 11/15
 23536 | D:14     | Reached skill level 17 in Armour
 24250 | D:15     | Entered Level 15 of the Dungeon
 24605 | D:15     | Received a gift from Okawaru
 24979 | D:15     | Found a staircase to the Depths.
 26169 | D:11     | Gained mutation: You are weak. (Str -2) [potion of
                  | mutation]
 26169 | D:11     | Gained mutation: You are agile. (Dex +2) [potion of
                  | mutation]
 26459 | D:11     | Found Gyrph's General Store.
 26528 | Orc:1    | Entered Level 1 of the Orcish Mines
 26604 | Orc:2    | Entered Level 2 of the Orcish Mines
 26764 | Orc:2    | Noticed an orc warlord
 26790 | Orc:2    | Killed an orc warlord
 26790 | Orc:2    | Reached skill level 18 in Armour
 26898 | Orc:2    | Paralysed by an orc sorcerer for 2 turns
 27165 | Orc:2    | Found a roughly hewn altar of Beogh.
 27299 | Orc:2    | Found a roughly hewn altar of Beogh.
 27300 | Orc:2    | Found Godinn's Magic Scroll Emporium.
 27402 | Orc:2    | Bought a scroll of enchant weapon for 90 gold pieces
 27402 | Orc:2    | Bought a scroll of enchant armour for 90 gold pieces
 27449 | Orc:2    | Found a staircase to the Elven Halls.
 27510 | Orc:2    | Found a roughly hewn altar of Beogh.
 27631 | Orc:2    | Found a roughly hewn altar of Beogh.
 27632 | Orc:2    | Found Moho's Jewellery Shoppe.
 27736 | Orc:2    | Found Tocasiup's Antique Armour Shoppe.
 27737 | Orc:2    | Found a roughly hewn altar of Beogh.
 27738 | Orc:2    | Found Muboogass's Antique Weapon Emporium.
 27798 | Elf:1    | Entered Level 1 of the Elven Halls
 27982 | Elf:1    | Received a gift from Okawaru
 27985 | Elf:1    | Got an encrusted helmet {god gift}
 27996 | Elf:1    | Identified the +2 helmet "Oqeecrag" {rC+ Dex+5} (Okawaru
                  | gifted it to you on level 1 of the Elven Halls)
 28356 | Swamp:1  | Entered Level 1 of the Swamp
 28438 | Swamp:1  | Reached XP level 16. HP: 102/110 MP: 13/16
 28444 | Swamp:1  | Found a runed gate.
 28444 | Swamp:1  | Found a runed gate.
 28444 | Swamp:1  | Found a runed gate.
 28448 | Swamp:1  | Noticed bepisman's ghost (journeyman DDFi)
 28450 | Swamp:1  | Noticed Intumige's ghost (journeyman DDHu)
 28479 | Swamp:1  | Killed bepisman's ghost
 28603 | Swamp:1  | Killed Intumige's ghost
 30009 | Swamp:2  | Noticed Frances
 30032 | Swamp:2  | Killed Frances
 30955 | Swamp:3  | Noticed a thorn hunter
 30969 | Swamp:3  | Killed a thorn hunter
 31165 | Swamp:4  | Entered Level 4 of the Swamp
 31213 | Swamp:4  | Noticed a thorn hunter
 31231 | Swamp:4  | Killed a thorn hunter
 31231 | Swamp:4  | Reached skill level 15 in Maces & Flails
 31286 | Swamp:4  | Received a gift from Okawaru
 31373 | Swamp:4  | Reached skill level 19 in Armour
 31592 | Swamp:4  | Noticed the 27-headed Lernaean hydra
 31613 | Swamp:4  | Killed the 27-headed Lernaean hydra
 31613 | Swamp:4  | Received a gift from Okawaru
 31613 | Swamp:4  | Reached XP level 17. HP: 89/116 MP: 5/17
 31733 | Swamp:4  | Got a decaying rune of Zot
 31801 | Swamp:4  | Received a gift from Okawaru
 31804 | Swamp:4  | Identified the +2 pair of boots of the Six Shrikes {MP+9}
                  | (Okawaru gifted it to you on level 4 of the Swamp)
 32219 | Spider:1 | Entered Level 1 of the Spider Nest
 32480 | Spider:1 | Identified a scroll of acquirement
 32481 | Spider:1 | Got a shimmering bone amulet
 32482 | Spider:1 | Identified the amulet of Mirth {Gourm Dex+4} (You acquired
                  | it on level 1 of the Spider Nest)
 34335 | Spider:3 | Reached skill level 20 in Armour
 34622 | Spider:3 | Received a gift from Okawaru
 35016 | Spider:3 | Reached XP level 18. HP: 124/124 MP: 18/18
 35376 | Spider:4 | Entered Level 4 of the Spider Nest
 35528 | Spider:4 | Reached skill level 15 in Shields
 36331 | Spider:4 | Received a gift from Okawaru
 36370 | Spider:4 | Identified the +1 pair of gloves "Baduex" {rElec Regen+
                  | Int+5} (Okawaru gifted it to you on level 4 of the Spider
                  | Nest)
 36383 | Spider:4 | Lost mutation: You are agile. (Dex +2) [potion of mutation]
 36383 | Spider:4 | Lost mutation: You are weak. (Str -2) [potion of mutation]
 36383 | Spider:4 | Gained mutation: Your flesh is heat resistant. (rF+)
                  | [potion of mutation]
 36383 | Spider:4 | Gained mutation: Armour fits poorly on your strangely
                  | shaped body. [potion of mutation]
 36383 | Spider:4 | Gained mutation: You have large cloven feet. [potion of
                  | mutation]
 36453 | Spider:4 | Reached skill level 1 in Invocations
 36641 | Spider:4 | Reached skill level 1 in Dodging
 36813 | Spider:4 | Got a gossamer rune of Zot
 37762 | Elf:1    | Found Pibruwi's Antique Weapon Shoppe.
 38067 | Elf:1    | Found Cateh's Jewellery Emporium.
 38201 | Elf:1    | Found Vieck's Distillery.
 38205 | Elf:1    | Bought a potion of resistance for 140 gold pieces
 38205 | Elf:1    | Bought a potion of heal wounds for 70 gold pieces
 38205 | Elf:1    | Bought a potion of cancellation for 112 gold pieces
 38205 | Elf:1    | Bought a potion of haste for 140 gold pieces
 38205 | Elf:1    | Bought a potion of might for 56 gold pieces
 38205 | Elf:1    | Bought a potion of heal wounds for 70 gold pieces
 38205 | Elf:1    | Bought a potion of heal wounds for 70 gold pieces
 38205 | Elf:1    | Bought a potion of cancellation for 112 gold pieces
 38728 | Elf:1    | Bought an uncursed ring of protection from magic for 400
                  | gold pieces
 38852 | Elf:2    | Found a huge runed gate.
 38852 | Elf:2    | Found a huge runed gate.
 38853 | Elf:2    | Found a huge runed gate.
 38888 | Elf:2    | Noticed Roxanne
 38891 | Elf:2    | Received a gift from Okawaru
 39117 | Depths:1 | Entered Level 1 of the Depths
 39216 | Depths:1 | Paralysed by a wizard for 5 turns
 39229 | D:15     | Reached XP level 19. HP: 130/130 MP: 19/21
 39494 | Depths:1 | Received a gift from Okawaru
 39557 | Depths:1 | Reached skill level 21 in Armour
 40037 | Depths:1 | Found a gateway to Hell.
 40124 | Depths:1 | Noticed a juggernaut
 40380 | Depths:1 | Killed a juggernaut
 40478 | Depths:1 | Noticed a lich
 40491 | Depths:1 | Cast into level 4 of the Abyss (a lich)
 40789 | Abyss:4  | Noticed a tentacled monstrosity
 40820 | Abyss:4  | Killed a tentacled monstrosity
 40820 | Abyss:4  | Received a gift from Okawaru
 40827 | Abyss:4  | Reached skill level 5 in Invocations
 40925 | Depths:1 | Escaped the Abyss
 40938 | Depths:1 | Killed a lich
 41223 | Depths:2 | Reached XP level 20. HP: 128/137 MP: 22/24
 41328 | Depths:2 | Found a runed door.
 41533 | Depths:2 | Found a one-way gate leading to the halls of Pandemonium.
 41816 | Depths:2 | Found a one-way gate to the infinite horrors of the Abyss.
 42049 | Depths:2 | Received a gift from Okawaru
 42519 | Depths:2 | Paralysed by a vampire knight for 3 turns
 42585 | Depths:2 | Paralysed by a vampire knight for 5 turns
 42639 | Depths:2 | Found a basalt altar of Yredelemnul.
 42640 | Depths:2 | Noticed Jory
 42711 | Depths:2 | Killed Jory
 42946 | Depths:2 | Noticed GgHarvester's ghost (journeyman MiBe)
 42990 | Depths:2 | Killed GgHarvester's ghost
 43370 | Depths:3 | Found a gateway to a ziggurat.
 43370 | Depths:3 | Noticed an ancient lich
 43377 | Depths:3 | Noticed a Brimstone Fiend
 43380 | Depths:3 | Noticed a Brimstone Fiend
 43446 | Depths:3 | Noticed a golden dragon
 43466 | Depths:3 | Killed a golden dragon
 43466 | Depths:3 | Received a gift from Okawaru
 43595 | Depths:3 | Reached skill level 5 in Dodging
 43691 | Depths:3 | Noticed Boris
 43714 | Depths:3 | Killed Boris
 44128 | Depths:3 | Reached XP level 21. HP: 144/144 MP: 18/26
 44238 | Depths:3 | Noticed a juggernaut
 44240 | Depths:3 | Noticed a juggernaut
 44250 | Depths:3 | Noticed the Enchantress
 44283 | Depths:3 | Killed a juggernaut
 44348 | Depths:3 | Killed the Enchantress
 44348 | Depths:3 | Reached skill level 22 in Armour
 44358 | Depths:3 | Killed a juggernaut
 44384 | Depths:3 | Received a gift from Okawaru
 44631 | Depths:3 | Paralysed by a floating eye for 4 turns
 45256 | Vaults:1 | Entered Level 1 of the Vaults
 46178 | Vaults:1 | Paralysed by a great orb of eyes for 7 turns
 47160 | Vaults:2 | Received a gift from Okawaru
 47317 | Vaults:2 | Found a staircase to the Crypt.
 47443 | Vaults:2 | Reached XP level 22. HP: 148/152 MP: 25/28
 47503 | Vaults:2 | Cast into level 2 of the Abyss (a deep elf demonologist)
 47784 | Abyss:2  | Paralysed by accursed screaming for 1 turns
 47801 | Abyss:2  | Received a gift from Okawaru
 47961 | Abyss:3  | Found a corrupted altar of Lugonu.
 47991 | Abyss:3  | Found a corrupted altar of Lugonu.
 48103 | Abyss:3  | Paralysed by accursed screaming for 2 turns
 48111 | Abyss:3  | Paralysed by accursed screaming for 1 turns
 48114 | Vaults:2 | Escaped the Abyss
 48390 | Vaults:2 | Found a roughly hewn altar of Beogh.
 49552 | Vaults:3 | Received a gift from Okawaru
 50295 | Vaults:3 | Found a radiant altar of Vehumet.
 50312 | Vaults:3 | Reached skill level 23 in Armour
 50647 | Vaults:3 | Found Bygreal's Weapon Shoppe.
 50727 | Vaults:3 | Reached XP level 23. HP: 159/159 MP: 25/30
 51486 | Vaults:4 | Noticed Sojobo
 51554 | Vaults:4 | Killed Sojobo
 51554 | Vaults:4 | Received a gift from Okawaru
 51624 | Vaults:4 | Found Owna's Armour Emporium.
 51644 | Vaults:4 | Reached skill level 10 in Invocations
 51691 | Vaults:4 | Paralysed by an ogre mage for 7 turns
 52164 | Vaults:4 | Found the +5 pair of quick blades "Gyre" and "Gimble"
                  | {pierce, Dex-3}
 52686 | Vaults:4 | Bought the +11 large shield of Boziplufow {Int+4} for 1273
                  | gold pieces
 53435 | Vaults:5 | Entered Level 5 of the Vaults
 53657 | Vaults:5 | Received a gift from Okawaru
 53694 | Vaults:4 | Cast into level 3 of the Abyss (a lich)
 53895 | Abyss:3  | Reached XP level 24. HP: 140/167 MP: 27/30
 53943 | Abyss:3  | Gained mutation: Scrolls take you a little longer to read.
                  | [a neqoxec]
 54357 | Abyss:3  | Paralysed by you for 4 turns
 54375 | Abyss:3  | Paralysed by accursed screaming for 2 turns
 54383 | Vaults:4 | Escaped the Abyss
 54613 | Vaults:4 | Received a gift from Okawaru
 54675 | Vaults:4 | Reached skill level 24 in Armour
 54980 | Vaults:5 | Got an ebony flail {god gift}
 55010 | Vaults:4 | Identified the +0 flail "Hilelupt" {crush, Int+3} (Okawaru
                  | gifted it to you on level 5 of the Vaults)
 55304 | Vaults:5 | Noticed Mennas
 55385 | Vaults:5 | Killed Mennas
 55385 | Vaults:5 | Received a gift from Okawaru
 55664 | Vaults:5 | Reached XP level 25. HP: 173/173 MP: 4/30
 55714 | Vaults:5 | HP: 2/173 [deep elf high priest/divine providence (16)]
 55716 | Vaults:5 | Killed from afar by a frost giant

Skill      XL: |  1  2  3  4  5  6  7  8  9 10 11 12 13 14 15 16 17 18 19 20 21 22 23 24 |
---------------+-------------------------------------------------------------------------+-----
Fighting       | 4 5 6 7 8 10 11 13 14 15 16 17 18 19 20 21 22 | 22.2
Armour         | 4 5 6 7 8 9 11 14 16 18 19 20 21 22 23 24 | 24.3
Shields        | 4 5 6 7 8 9 11 12 13 14 15 16 17 18 19 | 19.2
Maces & Flails | 3 4 5 6 7 8 9 11 12 14 15 16 17 18 19 20 21 | 21.1
Invocations    | 3 5 7 8 9 10 | 10.1
Dodging        | 2 4 5 6 7 8 |  8.0

Action                   |  1- 3 |  4- 6 |  7- 9 | 10-12 | 13-15 | 16-18 | 19-21 | 22-24 | 25-27 || total
-------------------------+-------+-------+-------+-------+-------+-------+-------+-------+-------++-------
Melee: Flail             |   112 |   246 |   291 |       |       |  2334 |  3167 |  3305 |    48 ||  9503
       Mace              |       |       |   100 |  1216 |  2267 |   417 |       |       |       ||  4000
Invok: Heroism           |       |       |       |       |     1 |     1 |     3 |     1 |       ||     6
       Finesse           |       |       |       |       |       |     2 |     9 |    11 |       ||    22
 Abil: Fly               |       |       |       |       |     1 |       |     1 |     1 |       ||     3
       Stop Flying       |       |       |       |       |       |       |     2 |     1 |       ||     3
Evoke: Wand              |       |       |       |     4 |     2 |     3 |    16 |     4 |       ||    29
       Phial of floods   |       |       |       |       |     1 |       |     4 |     2 |       ||     7
  Use: Potion            |     4 |     3 |     1 |     8 |     5 |     3 |     5 |     1 |     1 ||    31
       Scroll            |     3 |     5 |     4 |    10 |    18 |    18 |    11 |    11 |     1 ||    81
 Stab: Petrified         |       |       |       |       |    42 |       |       |       |       ||    42
       Petrifying        |       |       |       |       |     2 |       |       |       |       ||     2
       Confused          |       |       |       |       |       |     1 |       |       |       ||     1
  Eat: Chunk             |     1 |     8 |     8 |    23 |    43 |    35 |    28 |    30 |       ||   176
       Ration            |       |       |     1 |     1 |     2 |     1 |     2 |     2 |       ||     9
Armor: Scale mail        |    64 |    88 |       |       |       |       |       |       |       ||   152
       Chain mail        |       |    29 |   214 |       |       |       |       |       |       ||   243
       Plate armour      |       |       |    48 |   817 |  1338 |  3001 |  1666 |  2122 |    35 ||  9027
Dodge: Dodged            |    51 |    64 |    75 |   281 |   490 |   985 |   905 |  1350 |    19 ||  4220
Block: Shield            |    74 |   104 |   210 |   793 |  1380 |  2411 |  2123 |  1649 |       ||  8744
       Large shield      |       |       |       |       |       |       |       |  2533 |    99 ||  2632
